 Dungeon Crawl Stone Soup version 0.18-a0-1778-gadce9fa (webtiles) character file.

1005 dobroeutro the Skirmisher (level 8, -1/51 HPs)
             Began as a Gargoyle Fighter on Apr 16, 2016.
             Was a Follower of Jiyva.
             Killed by divine providence
             ... invoked by an orc priest
              (10 damage)
             ... on level 6 of the Dungeon.
             The game lasted 00:10:43 (4123 turns).

dobroeutro the Skirmisher (Gargoyle Fighter)        Turns: 4123, Time: 00:10:43

Health: -1/51      AC: 16    Str: 22    XL:     8   Next: 20%
Magic:  8/8        EV:  8    Int:  9    God:    Jiyva [*.....]
Gold:   217        SH: 10    Dex:  9    Spells: 0 memorised, 7 levels left

rFire  . . .     SeeInvis .     a - +1 flail
rCold  . . .     Gourm    .     b - +0 scale mail
rNeg   + . .     Faith    .     c - +0 shield
rPois  ∞         Spirit   .     e - +1 helmet
rElec  +         Dismiss  .     (no cloak)
rCorr  .         Reflect  .     r - +0 pair of gloves
SustAt .         Harm     .     (no boots)
MR     .....                    (no amulet)
Stlth  ..........               (no ring)
                                (no ring)

@: not resistant to hostile enchantments, extremely unstealthy
A: negative energy resistance 1, electricity resistance, unbreathing,
petrification resistance, rot immunity, AC +5
a: Request Jelly, Renounce Religion


You were on level 6 of the Dungeon.
You worshipped Jiyva.
Jiyva was aware of your devotion.
You were not hungry.

You visited 2 branches of the dungeon, and saw 7 of its levels.

You collected 217 gold pieces.

Inventory:

Hand Weapons
 a - a +1 flail (weapon)
Armour
 b - a +0 scale mail (worn)
 c - a +0 shield (worn)
 e - a +1 helmet (worn)
 m - a +2 buckler
 r - a +0 pair of gloves (worn)
Rods
 y - a +0 lightning rod (9/9)
   (You found it on level 4 of the Dungeon)
Scrolls
 j - 2 scrolls of recharging
 k - 2 scrolls of identify
 l - 4 scrolls of teleportation
 o - a scroll of enchant weapon
Potions
 d - 4 potions of might
 h - a potion of ambrosia
 i - 2 potions of flight
 q - a potion of degeneration
 s - a potion of resistance
 t - a potion of lignification
 w - a potion of haste
 x - a potion of brilliance
Comestibles
 f - 6 bread rations
 g - a meat ration
 p - 4 chunks of flesh
 v - a beef jerky
 z - 9 fruits


   Skills:
 + Level 6.1 Fighting
 + Level 4.7 Maces & Flails
 + Level 6.0 Armour
 - Level 0.1 Dodging
 + Level 6.0 Shields


You had 7 spell levels left.
You didn't know any spells.

Dungeon Overview and Level Annotations

Branches:
Dungeon (6/15)             Temple (1/1) D:4

Altars:
Ashenzari
Cheibriados
Gozag
Makhleb
Okawaru
Sif Muna
Vehumet
Zin
The Shining One
Jiyva

Annotations:
D:6 Sigmund


Innate Abilities, Weirdness & Mutations

You are resistant to torment.
Your stone body is resilient (AC +5).
You are immune to poison.
You resist negative energy.
You are resistant to electric shocks.
You can survive without breathing.
You are immune to petrification.
You are immune to rotting.


Message History

You hear a squelching noise.
An adder comes into view.
An orc comes into view.
You closely miss the adder. You block the adder's attack.
The adder bites you but does no damage.
You closely miss the adder.
The adder bites you but does no damage. x2
An orc priest comes into view. It is wielding a short sword.
The orc priest shouts!
You sock the adder!
You kill the adder!
You hit the orc but do no damage. The orc hits you.
The orc priest invokes the aid of Beogh against you.
Beogh smites you!
* * * LOW HITPOINT WARNING * * *
An orc and Sigmund come into view.
You are too injured to fight recklessly!
You are too injured to fight recklessly!
The orc priest invokes the aid of Beogh against you.
Beogh smites you!
You die...

... ... ....#.#.#
.....#.#.#
.............#.#
.............#.# #
.............J.# .#
...............####'#+#..
..........J..............
................@o.......
..............#.........@
..............J..........
..............#..........
.........................
........J...##########o##
...........######### .o.
...........)........ ##
.........###########


You could see an orc priest, 2 orcs and 3 neutral jellies (fellow slime).

Vanquished Creatures
  Eustachio (D:5)
  Duvessa (D:6)
  An ogre (D:5)
  Blork the orc (D:5)
  Dowan (D:6)
  A scorpion (D:6)
  2 howler monkeys (D:5)
  A crimson imp (D:5)
  An orc priest (D:6)
  2 giant frog skeletons
  3 orc wizards
  2 worker ants
  A worker ant zombie (D:5)
  4 adders
  2 oozes
  An adder zombie (D:4)
  3 worms
  4 dart slugs
  A giant gecko (D:1)
  20 orcs
  6 bats
  6 giant cockroaches
  6 hobgoblins
  8 jackals
  3 quokkas
  A ball python (D:4)
  4 giant newts
  8 goblins
  9 kobolds
  A quokka skeleton (D:4)
  4 rats
109 creatures vanquished.

Vanquished Creatures (others)
  A jelly (D:6)
  2 orcs (D:6)
3 creatures vanquished.

Grand Total: 112 creatures vanquished

Notes
Turn   | Place    | Note
--------------------------------------------------------------
     0 | D:1      | dobroeutro the Gargoyle Fighter began the quest for the Orb.
     0 | D:1      | Reached XP level 1. HP: 14/14 MP: 1/1
   141 | D:1      | Reached XP level 2. HP: 19/19 MP: 2/2
   499 | D:1      | Reached XP level 3. HP: 23/23 MP: 3/3
  1249 | D:3      | Reached XP level 4. HP: 11/29 MP: 4/4
  1378 | D:3      | Found a snail-covered altar of Cheibriados.
  1769 | D:3      | Reached XP level 5. HP: 28/33 MP: 5/5
  2510 | D:4      | Found a staircase to the Ecumenical Temple.
  2519 | Temple   | Entered the Ecumenical Temple
  2540 | Temple   | Became a worshipper of Jiyva Jasagod the Shapeless
  2664 | D:4      | Found an iron altar of Okawaru.
  2871 | D:4      | Reached XP level 6. HP: 36/39 MP: 6/6
  2989 | D:5      | Entered Level 5 of the Dungeon
  3009 | D:5      | Noticed Blork the orc
  3027 | D:5      | Killed Blork the orc
  3119 | D:5      | Found a burning altar of Makhleb.
  3146 | D:5      | Reached skill level 5 in Fighting
  3165 | D:5      | Noticed Eustachio
  3316 | D:5      | Found a deep blue altar of Sif Muna.
  3417 | D:5      | Reached skill level 5 in Shields
  3433 | D:5      | Reached skill level 5 in Armour
  3548 | D:5      | Killed Eustachio
  3548 | D:5      | Reached XP level 7. HP: 21/44 MP: 7/7
  4016 | D:6      | Noticed Dowan
  4017 | D:6      | Noticed Duvessa
  4033 | D:6      | Killed Duvessa
  4044 | D:6      | Reached * piety under Jiyva
  4047 | D:6      | Killed Dowan
  4047 | D:6      | Reached XP level 8. HP: 22/51 MP: 8/8
  4123 | D:6      | Noticed Sigmund
  4123 | D:6      | Killed from afar by an orc priest

Vault maps used:
D:1:      saegor_arrival_under_anarchy, minmay_misc_feat_four_crosses,
          minmay_misc_feat_pillars
D:3:      nicolae_overflow_crystal_walls
D:4:      lemuel_temple_firewalk_marked, okawaru_metal_pillars_1_2
D:5:      lemuel_blue_sif_altar, makhleb_grotto_becter, first_bread,
          uniq_eustachio, uniq_blork_the_orc
D:6:      overflow_temple_1_default, lemuel_round_altar,
          nicolae_ossuary_entry_plus, uniq_duvessa, uniq_sigmund, uniq_edmund
Temple:   pf_slimified_temple

Skill      XL: |  1  2  3  4  5  6  7  8 |
---------------+-------------------------+-----
Shields        | 4 5 6 |  6.0
Fighting       | 4 5 6 |  6.1
Armour         | 4 5 6 |  6.0
Maces & Flails | 3 4 |  4.7
Dodging        | |  0.1

Action                   |  1- 3 |  4- 6 |  7- 9 || total
-------------------------+-------+-------+-------++-------
Melee: Flail             |   144 |   351 |    84 ||   579
  Use: Scroll            |       |     8 |     5 ||    13
       Potion            |       |     2 |     5 ||     7
  Eat: Chunk             |     1 |     7 |       ||     8
       Meat ration       |       |       |     1 ||     1
Armor: Scale mail        |    77 |   320 |    36 ||   433
Dodge: Dodged            |    35 |   180 |    28 ||   243
Block: Shield            |    74 |   248 |    54 ||   376
